AoeStats
← lamanito6

Arena

507291060Analyzed
4v4 RM · 16d ago on Sep 17, 2026· 97m 36s· 8 players
Game mode
Random Map
Map size
Large (8 player)
Population
200
Speed
Normal
Resources
Standard
Victory
Conquest
Starting age
Dark Age
Ending age
Imperial Age
RankedLock teamsTeams togetherTeam positionsShared explorationLock speedFull tech treeHidden civsTurbo modeCheats
Victory
Defeat
🇹🇷 Turks · Türkiye
1170
+15
🇫🇷 Britons · France
1158
+16
🇺🇸 Tatars · United States
1155
+16
🇪🇸 Khitans · Spain
1126
+17
🇹🇼 Britons · Taiwan
1183
-17
🇰🇷 Vietnamese · South Korea
1175
-17
🇨🇳 Burgundians · China
1131
-15
🇦🇷 Japanese · Argentina
1128
-15
明仔
11:29 Feudal Age
17:47 Castle Age
15:57 Horse Collar
19:25 Double-Bit Axe
20:09 Heavy Plow
20:53 Loom
22:29 Wheelbarrow
28:53 Stone Mining
KIM JONG UN
11:21 Feudal Age
16:14 Castle Age
14:29 Horse Collar
14:47 Double-Bit Axe
15:53 Stone Mining
23:49 Wheelbarrow
24:11 Heavy Plow
25:52 Hand Cart
25:53 Loom
26:34 Bow Saw
26:31 Elite Skirmisher
30:47 Imperial Age
28:26 Squires
28:31 Fletching
28:41 Padded Archer Armor
28:41 Pikeman
29:31 Bodkin Arrow
29:36 Padded Archer Armor
29:31 Bodkin Arrow
29:30 Town Watch
29:43 Gold Mining
32:03 Ballistics
32:45 Leather Archer Armor
32:58 Thumb Ring
33:50 Forging
33:40 Scale Mail Armor
33:44 Arson
34:02 Bracer
35:41 Chemistry
34:35 Imperial Skirmisher
37:01 Ring Archer Armor
37:27 Halberdier
41:05 Iron Casting
40:45 Chain Mail Armor
42:28 Two-Man Saw
45:52 Plate Mail Armor
45:47 Fortified Wall
47:46 Stone Shaft Mining
49:15 Paper Money
55:50 Elite Fire Lancer
Gamer
11:26 Feudal Age
12:47 Loom
15:48 Castle Age
14:19 Horse Collar
15:05 Double-Bit Axe
18:01 Heavy Plow
18:47 Bow Saw
22:57 Wheelbarrow
29:34 Imperial Age
27:11 Gold Mining
27:19 Fletching
27:29 Padded Archer Armor
29:18 Bodkin Arrow
29:38 Leather Archer Armor
29:30 Scale Barding Armor
30:12 Ballistics
29:26 Elite Skirmisher
30:38 Conscription
31:51 Hand Cart
31:44 Imperial Skirmisher
32:56 Bracer
33:12 Leather Archer Armor
34:02 Warwolf
34:24 Yeomen
34:46 Elite Longbowman
37:46 Gold Shaft Mining
38:59 Ring Archer Armor
38:33 Stone Mining
40:07 Forging
40:56 Pikeman
41:21 Gambesons
41:36 Squires
41:30 Town Watch
42:26 Halberdier
44:39 Iron Casting
44:04 Scale Mail Armor
44:11 Siege Engineers
45:07 Chemistry
43:48 Treadmill Crane
45:10 Town Patrol
45:22 Masonry
45:25 Fortified Wall
45:10 Murder Holes
46:13 Crossbowman
48:11 Blast Furnace
47:26 Chain Mail Armor
47:02 Arbalester
52:33 Hoardings
52:35 Warwolf
58:31 Two-Man Saw
66:18 Caravan
65:45 Capped Ram
70:35 Architecture
71:51 Plate Mail Armor
71:14 Heated Shot
高大爷
10:33 Feudal Age
9:07 Double-Bit Axe
15:26 Castle Age
14:26 Bow Saw
14:56 Horse Collar
21:59 Wheelbarrow
21:11 Loom
23:17 Gold Mining
24:54 Two-Man Saw
28:28 Imperial Age
25:56 Cavalier
26:36 Husbandry
27:05 Forging
27:00 Scale Barding Armor
29:36 Iron Casting
29:51 Hand Cart
29:16 Paladin
33:06 Blast Furnace
33:21 Chain Barding Armor
32:53 Light Cavalry
34:18 Gold Shaft Mining
37:09 Plate Barding Armor
39:20 Hussar
41:15 Fletching
50:31 Burgundian Vineyards
57:11 Bodkin Arrow
57:16 Padded Archer Armor
57:17 Scale Mail Armor
57:31 Masonry
59:26 Leather Archer Armor
59:12 Bracer
58:43 Elite Skirmisher
61:47 Chemistry
61:08 Ballistics
61:10 Imperial Skirmisher
66:49 Conscription
86:23 Chain Mail Armor
86:44 Squires
86:30 Arson
87:26 Pikeman
93:53 Plate Mail Armor
Nike man
10:08 Feudal Age
14:40 Castle Age
13:01 Double-Bit Axe
15:01 Scale Mail Armor
19:12 Fervor
19:47 Pikeman
22:20 Town Watch
22:22 Loom
26:42 Squires
32:33 Imperial Age
31:52 Bloodlines
31:54 Husbandry
34:53 Conscription
35:34 Forging
35:30 Scale Barding Armor
39:28 Iron Casting
39:20 Silk Armor
41:52 Chain Barding Armor
42:00 Horse Collar
42:13 Gold Mining
42:36 Bow Saw
42:00 Light Cavalry
42:37 Cavalier
44:36 Blast Furnace
44:12 Plate Barding Armor
43:38 Heavy Plow
44:34 Wheelbarrow
44:07 Padded Archer Armor
44:45 Fletching
48:44 Bodkin Arrow
49:05 Leather Archer Armor
49:43 Elite Steppe Lancer
54:02 Heavy Camel Rider
56:52 Ballistics
57:32 Chemistry
58:25 Bracer
57:51 Heavy Cavalry Archer
59:09 Caravan
58:57 Hussar
65:01 Treadmill Crane
65:31 Masonry
66:22 Hand Cart
69:42 Timurid Siegecraft
72:10 Capped Ram
73:58 Crop Rotation
81:46 Siege Ram
sebastien
10:14 Feudal Age
11:25 Double-Bit Axe
11:32 Gold Mining
11:31 Horse Collar
17:38 Fletching
17:50 Padded Archer Armor
21:58 Castle Age
20:05 Stone Mining
22:14 Wheelbarrow
22:02 Crossbowman
23:05 Bow Saw
22:52 Bodkin Arrow
23:59 Gold Shaft Mining
24:36 Leather Archer Armor
24:58 Hand Cart
25:33 Heavy Plow
31:12 Ballistics
31:43 Yeomen
34:43 Imperial Age
33:23 Loom
35:26 Bracer
35:25 Arbalester
37:03 Conscription
37:46 Chemistry
37:59 Masonry
44:21 Two-Man Saw
Exellence
10:20 Feudal Age
15:14 Castle Age
13:18 Double-Bit Axe
13:46 Horse Collar
21:17 Imperial Age
22:03 Padded Archer Armor
23:32 Leather Archer Armor
31:06 Ring Archer Armor
40:36 Bow Saw
41:48 Heavy Plow
42:59 Two-Man Saw
43:43 Wheelbarrow
43:00 Loom
44:25 Scale Barding Armor
44:30 Forging
44:53 Husbandry
46:14 Bloodlines
46:32 Chain Barding Armor
47:10 Iron Casting
47:34 Hand Cart
47:06 Town Watch
48:49 Plate Barding Armor
49:39 Blast Furnace
49:58 Stone Mining
49:58 Gold Mining
53:32 Conscription
53:51 Artillery
55:33 Blast Furnace
57:09 Gold Shaft Mining
57:18 Bombard Tower
56:43 Treadmill Crane
57:14 Masonry
57:02 Murder Holes
57:28 Ballistics
62:43 Architecture
77:10 Caravan
85:43 Heavy Scorpion
93:56 Capped Ram
lamanito6
10:40 Feudal Age
11:10 Domestication
11:16 Double-Bit Axe
13:21 Forging
18:15 Castle Age
18:00 Wheelbarrow
21:46 Pastoralism
22:33 Iron Casting
21:59 Scale Mail Armor
22:07 Scale Barding Armor
22:16 Light Cavalry
22:57 Husbandry
31:04 Imperial Age
30:06 Chain Barding Armor
31:08 Elite Steppe Lancer
32:57 Transhumance
32:23 Gold Mining
37:11 Heavy Camel Rider
38:39 Hand Cart
48:45 Fletching
49:19 Ballistics
49:59 Chemistry
50:21 Hussar
54:33 Bodkin Arrow
57:31 Ordo Cavalry
Connection lost

Rejoining the realm…

Still unreachable

The connection could not be restored.

Session expired

The server has moved on; the page needs a fresh start.